 Dungeon Crawl Stone Soup version 0.23.2-40-g277498a001 (webtiles) character file.

Game seed: 650809669061092878

227 MalarOregon the Conjurer (level 5, 0/38 HPs)
             Began as a Draconian Conjurer on Sept 8, 2019.
             Succumbed to a worker ant's poison
             ... on level 3 of the Dungeon.
             The game lasted 00:09:48 (3366 turns).

MalarOregon the Conjurer (Draconian Conjurer)       Turns: 3366, Time: 00:09:48

Health: 0/38       AC:  7    Str: 10    XL:     5   Next: 70%
Magic:  1/10       EV: 12    Int: 16    God:
Gold:   104        SH:  0    Dex: 12    Spells: 6/11 levels left

rFire    + . .     SeeInvis .   b - +0 short sword
rCold    + . .     Gourm    .   (no shield)
rNeg     . . .     Faith    .   (armour unavailable)
rPois    +         Spirit   .   (helmet restricted)
rElec    +         Reflect  .   (no cloak)
rCorr    +         Harm     .   l - +1 pair of gloves
MR       .....                  (no boots)
Stlth    ++........             (no amulet)
HPRegen  0.12/turn              (no ring)
MPRegen  0.12/turn              (no ring)

@: lethally poisoned (0 -> -3), resistant
A: unfitting armour, cold-blooded, AC +5
a: no special abilities


You were on level 3 of the Dungeon.
You were not hungry.

You visited 1 branch of the dungeon, and saw 4 of its levels.

You collected 104 gold pieces.

Inventory:

Hand Weapons
 b - a +0 short sword (weapon)
   (You took it off a kobold on level 1 of the Dungeon)
Armour
 l - a +1 pair of gloves (worn)
   (You found it on level 2 of the Dungeon)
Wands
 q - a wand of enslavement (8)
   (You found it on level 3 of the Dungeon)
Scrolls
 d - a scroll of magic mapping
 g - a scroll of immolation {unknown}
 h - a scroll of fog {unknown}
 m - a scroll of remove curse {@r2}
 n - a scroll of fear {unknown}
Comestibles
 e - 8 rations {!d}


   Skills:
 - Level 1.7 Dodging
 - Level 1.7 Stealth
 + Level 3.5 Spellcasting
 * Level 6.2 Conjurations


You had 6 spell levels left.
You knew the following spells:

 Your Spells              Type           Power        Failure   Level  Hunger
a - Magic Dart            Conj           ###.         1%          1    None
x - Iskenderun's Mystic   Conj           ###.....     14%         4    ####...

Your spell library contained the following spells:

 Spells                   Type           Power        Failure   Level  Hunger
 Searing Ray              Conj           ###...       1%          2    ##.....
 Dazzling Spray           Conj/Hex       ##....       16%         3    ###....
 Confusing Touch          Hex            #.....       19%         1    None
 Force Lance              Conj/Tloc      ##......     45%         4    ####...
 Fulminant Prism          Conj/Hex       ##........   45%         4    ####...
 Confuse                  Hex            #.......     47%         3    ###....
 Gell's Gravitas          Tloc           #.........   47%         3    ###....
 Petrify                  Tmut/Erth      #.......     87%         4    ####...
 Metabolic Englaciation   Hex/Ice        #.........   99%         5    ######.
 Yara's Violent Unravell  Hex/Tmut       #.........   99%         5    ######.


Dungeon Overview and Level Annotations

Branches:
Dungeon (4/15)
 Temple: D:4-7

Altars:
Ashenzari
Zin


Innate Abilities, Weirdness & Mutations

Your plain brown scales are hard. (AC +5)
You cannot fit into any form of body armour.
You are cold-blooded and may be slowed by cold attacks.


Message History

There is a stone staircase leading down here.
You see here a +0 club.
Aim: a worker ant The magic dart hits the worker ant.
The worker ant closely misses you.
Aim: a worker ant (lightly wounded)
The magic dart hits the worker ant.
The worker ant closely misses you. The worker ant bites you.
* * * LOW HITPOINT WARNING * * *
You are poisoned.
The worker ant poisons you!
You feel sick.
You feel sick.
You feel sick. The worker ant closely misses you.
You feel sick.
Aim: a worker ant (moderately wounded)
The magic dart hits the worker ant.
The worker ant closely misses you.
You feel sick. The worker ant barely misses you.
You feel sick.
Aim: a worker ant (moderately wounded)
The magic dart hits the worker ant but does no damage.
The worker ant bites you.
* * * LOW HITPOINT WARNING * * *
You are lethally poisoned!
The worker ant poisons you!
The worker ant bites you but does no damage.
You feel protected.
* * * LOW HITPOINT WARNING * * *
You feel sick.
The worker ant bites you but does no damage.
Unknown command.
* * * LOW HITPOINT WARNING * * *
You feel sick.
Unknown command.
* * * LOW HITPOINT WARNING * * *
You feel sick.
* * * LOW HITPOINT WARNING * * *
You feel sick. The worker ant barely misses you.
* * * LOW HITPOINT WARNING * * *
You feel sick.
Unknown command.
* * * LOW HITPOINT WARNING * * *
You feel sick.
Unknown command.
Unknown command.
The worker ant bites you.
* * * LOW HITPOINT WARNING * * *
The worker ant bites you but does no damage.
You die...

##.#..# #.#
#.)..#############.##
#..............>....#
#....#############..#
######.#..####### ####..#
#...............# #.##..#
######.#..#####.####.##..###
#.#...................#
#.#..####@.####.##..###
#.#.># #..####.##..###
#.#..####.a...........#
#.......#..#.#........#
###..##.#..#.#..##..###
#...).........##..#
#..##.#..#.#..##..#
#..##.........##..#
##########..##.#..#.#..##..#


You could see a worker ant.

Vanquished Creatures
  A phantom (D:4)
  A scorpion (D:3)
  2 adders
  An ooze (D:3)
  A worm (D:2)
  2 dart slugs
  2 leopard geckos (D:3)
  4 giant cockroaches
  11 goblins
  8 hobgoblins
  6 jackals
  2 kobolds (D:1)
  2 quokkas (D:2)
  9 bats
  8 frilled lizards
  4 rats
64 creatures vanquished.

Notes
Turn   | Place    | Note
-------+----------+-------------------------------------------
     0 | D:1      | MalarOregon the Draconian Conjurer began the quest for the
                  | Orb.
     0 | D:1      | Reached XP level 1. HP: 14/14 MP: 3/3
   119 | D:1      | Found a shattered altar of Ashenzari.
   267 | D:1      | Reached XP level 2. HP: 19/20 MP: 0/5
   895 | D:2      | Reached XP level 3. HP: 26/26 MP: 0/6
  1386 | D:2      | Reached skill level 5 in Conjurations
  1426 | D:2      | You fall through a shaft!
  1558 | D:2      | Reached XP level 4. HP: 15/33 MP: 2/8
  2794 | D:3      | Reached XP level 5. HP: 8/38 MP: 2/9
  3078 | D:3      | Found a glowing silver altar of Zin.
  3304 | D:4      | Learned a level 4 spell: Iskenderun's Mystic Blast
  3304 | D:4      | Noticed a phantom
  3321 | D:4      | Killed a phantom
  3321 | D:4      | Reached skill level 6 in Conjurations
  3365 | D:3      | HP: 1/38 [worker ant (1)]
  3366 | D:3      | Succumbed to a worker ant's poison

Skill      XL: |  1  2  3  4  5 |
---------------+----------------+-----
Conjurations   | 5 6 |  6.2
Spellcasting   | 3 |  3.5
Dodging        | |  1.7
Stealth        | |  1.7

Action                   |  1- 3 |  4- 6 || total
-------------------------+-------+-------++-------
Melee: Unarmed           |    20 |       ||    20
       Short sword       |    84 |    20 ||   104
       Tailslap          |     4 |     4 ||     8
Throw: Throwing net      |       |     2 ||     2
 Cast: Magic Dart        |    60 |    58 ||   118
  Use: Potion            |       |     5 ||     5
       Scroll            |       |     4 ||     4
 Stab: Sleeping          |     7 |       ||     7
  Eat: Chunk             |     3 |     2 ||     5
       Ration            |       |     1 ||     1
Armor: Skin              |    28 |    14 ||    42
Dodge: Dodged            |    76 |    26 ||   102
